 Dungeon Crawl Stone Soup version 0.16-a0-747-geaeaf20 (webtiles) character file.

2317 Psiweapon the Covert (level 9, 55/83 HPs)
             Began as a Deep Dwarf Necromancer on Sept 23, 2014.
             Was an Initiate of Ru.
             Starved to death
             ... while paralysed
             ... on Level 9 of the Dungeon.
             The game lasted 00:45:01 (8517 turns).

Psiweapon the Covert (Deep Dwarf Necromancer)       Turns: 8517, Time: 00:45:01

HP  55/83        AC  3     Str 12      XL: 9   Next: 18%
MP  15/15        EV  2     Int 19      God: Ru [......]
Gold 117         SH  0     Dex 13      Spells:  5 memorised,  5 levels left

rFire  . . .     SeeInvis .     O - +2 war axe (vamp)
rCold  . . .     Clarity  .     a - +0 robe
rNeg   . . .     rCorr    .     (no shield)
rPois  +         rRot     .     (no helmet)
rElec  .         Spirit   .     (no cloak)
SustAb .         Warding  .     (no gloves)
rMut   .         Stasis   .     g - +0 pair of boots
Gourm  .                        (no amulet)
MR     +....                    I - ring of Vitality {HP+15 Regen}
                                w - ring of poison resistance

@: paralysed, starving, non-regenerating, somewhat resistant to hostile
enchantments, stealthy
A: damage resistance, recharge devices, sense surroundings 2, slow healing 3
a: Device Recharging, Sacrifice Artifice, Sacrifice Stealth, Sacrifice Health,
Renounce Religion


You were on level 9 of the Dungeon.
You worshipped Ru.
Ru was noncommittal.
You were starving.

You visited 2 branches of the dungeon, and saw 10 of its levels.

You collected 387 gold pieces.
You spent 270 gold pieces at shops.

Inventory:

Hand weapons
 e - a cursed -2 short sword
 s - a +1 flail of crushing
 x - a +1 dagger of venom
 G - a +0 vampiric dagger
 H - a +0 blowgun
 O - a +2 vampiric war axe (weapon)
Missiles
 h - 23 stones (quivered)
 o - 33 sling bullets
 u - 52 bolts
 y - 20 poisoned needles
Armour
 a - a +0 robe (worn)
 g - a +0 pair of boots (worn)
 P - a +0 leather armour
 R - a +0 buckler
Magical devices
 c - a wand of heal wounds (0)
 J - a wand of paralysis (0)
 T - a wand of fireball (0)
 U - a wand of digging (3)
 W - a wand of magic darts (10)
Comestibles
 d - a bread ration
 j - 4 meat rations
 k - a chunk of rat flesh
 l - a chunk of elf flesh
 q - 24 fruits
 M - a royal jelly
Scrolls
 m - 2 scrolls of amnesia {unknown}
 n - 2 scrolls of blinking {unknown}
 p - a scroll of random uselessness {unknown}
 t - 5 scrolls of identify {unknown}
 v - 3 scrolls of fog {unknown}
 B - 5 scrolls of noise {unknown}
 C - a scroll of fear {unknown}
 F - 3 scrolls of teleportation {unknown}
 K - 3 scrolls of remove curse {unknown}
 V - a scroll of vulnerability {unknown}
Jewellery
 w - a ring of poison resistance (left hand)
 I - the ring of Vitality (right hand) {HP+15 Regen}
   (You found it on level 4 of the Dungeon)

   [ring of regeneration]

   It affects your health (+15).
   It increases your rate of regeneration.
Potions
 f - 4 potions of curing {unknown}
 i - 2 potions of resistance {unknown}
 r - 3 potions of poison {unknown}
 z - a potion of lignification {unknown}
 A - 2 potions of berserk rage {unknown}
 D - a potion of degeneration {unknown}
 L - 3 potions of might {unknown}
 N - 3 potions of heal wounds {unknown}
 Q - a potion of agility {unknown}
Books
 b - a book of Necromancy

   Spells                             Type                      Level
   *Pain                              Necromancy                   1
   *Animate Skeleton                  Necromancy                   1
   *Vampiric Draining                 Necromancy                   3
   Regeneration                       Charms/Necromancy            3
   Animate Dead                       Necromancy                   4
   Control Undead                     Necromancy                   4
 E - a Grand Grimoire {highlevel, unknown}

   This book is beyond your current level of understanding.

   Spells                             Type                      Level
   Aura of Abjuration                 Summoning                    6
   Forceful Dismissal                 Summoning                    6
   Summon Greater Demon               Summoning                    7
   Malign Gateway                     Summoning/Translocation      7
   Summon Horrible Things             Summoning                    8
 S - a book of Minor Magic

   Spells                             Type                      Level
   Magic Dart                         Conjuration                  1
   *Blink                             Translocation                2
   *Call Imp                          Summoning                    2
   Repel Missiles                     Charms/Air                   2
   Slow                               Hexes                        2
   Conjure Flame                      Conjuration/Fire             3
   Mephitic Cloud                     Conjuration/Poison/Air       3


   Skills:
 + Level 5.0(5.6) Axes
 - Level 3.5(4.6) Maces & Flails
 + Level 7.0 Dodging
 + Level 8.4 Stealth
 + Level 3.0 Spellcasting
 - Level 7.3 Necromancy


You had 5 spell levels left.
You knew the following spells:

 Your Spells              Type           Power        Failure   Level  Hunger
a - Pain                  Necr           ####         1%          1    None
b - Animate Skeleton      Necr           N/A          1%          1    None
c - Vampiric Draining     Necr           ####......   1%          3    ###....
d - Blink                 Tloc           N/A          24%         2    ##.....
e - Call Imp              Summ           #.......     24%         2    ##.....


Dungeon Overview and Level Annotations

Branches:
Dungeon (9/15)             Temple (1/1) D:5
    Orc: D:9-12        Lair: D:8-11

Altars:
Ashenzari
Dithmenos
Elyvilon
Fedhas
Gozag
Makhleb
Okawaru
Ru
Sif Muna
Vehumet
Xom
Zin
The Shining One

Shops:
D:4 (   D:6 [

Annotations:
D:4 exclusion: oklob plant
D:7 Menkaure


Innate Abilities, Weirdness & Mutations

You are resistant to damage.
You can recharge devices by infusing magical energy.
You passively map the area around you.
You do not heal naturally.


Message History

The hungry ghost is almost destroyed.
The hungry ghost barely misses you.
You barely miss the hungry ghost.
The hungry ghost is almost destroyed.
The hungry ghost misses you. The hungry ghost hits you.
You feel slightly more hungry.
You closely miss the hungry ghost.
The hungry ghost is almost destroyed.
The hungry ghost hits you.
You feel slightly more hungry.
You barely miss the hungry ghost.
The hungry ghost is almost destroyed.
The hungry ghost closely misses you.
You closely miss the hungry ghost.
The hungry ghost is almost destroyed.
The hungry ghost misses you.
You lose consciousness!
The hungry ghost hits you. The hungry ghost completely misses you.
You have starved to death.
You die...

,, , , #.# ,,, *** * *#)#
* #.# #.# * #.# * #.# *
#.##### , *
#>...)######### * *
#####.@W((......, *
*############....((((...,,
, ,
.......^..###.######### *
* * #########.# #.# , #.#
#.# * #.###.#######* * *
#<............ ,* ,
#####.#######** #... , ,


You could see a hungry ghost.

Vanquished Creatures
  A deep elf mage (D:9)
  4 orc warriors
  A sky beast (D:5)
  4 ice beasts
  3 ogres
  A phantom (D:8)
  A centaur (D:5)
  Duvessa (D:5)
  A giant frog (D:6)
  2 scorpions
  3 killer bees (D:8)
  Dowan (D:5)
  A crimson imp (D:7)
  A hound (D:6)
  A black bear zombie (D:5)
  4 orc priests
  4 orc wizards
  A giant frog skeleton (D:6)
  A worker ant (D:8)
  Terence (D:2)
  A worker ant zombie (D:6)
  2 adders
  5 gnolls
  4 shadow imps
  A giant mite (D:5)
  3 giant geckos
  20 orcs
  2 ball pythons
  14 bats
  A bat zombie (D:8)
  6 giant cockroaches
  9 goblins
  10 hobgoblins
  13 jackals
  14 kobolds
  4 quokkas
  3 giant newts
  A kobold skeleton (D:5)
  10 rats
160 creatures vanquished.

Vanquished Creatures (collateral kills)
  2 gnolls (D:7)
  2 worms
  3 orcs
  2 hobgoblins (D:2)
  A kobold (D:1)
  A bat (D:6)
  3 goblins
  A rat (D:3)
15 creatures vanquished.

Vanquished Creatures (others)
  An elf skeleton (D:9)
  A white imp (D:8)
  An adder skeleton (D:5)
  3 bat skeletons
  A ball python skeleton (D:1)
  A giant gecko skeleton (D:8)
  2 giant newt skeletons
  2 goblin skeletons
  A hobgoblin skeleton (D:8)
  2 jackal skeletons
  A kobold skeleton (D:2)
  7 orc skeletons
  A quokka skeleton (D:8)
  2 rat skeletons
26 creatures vanquished.

Grand Total: 201 creatures vanquished

Notes
Turn   | Place    | Note
--------------------------------------------------------------
     0 | D:1      | Psiweapon, the Deep Dwarf Necromancer, began the quest for the Orb.
     0 | D:1      | Reached XP level 1. HP: 15/15 MP: 2/2
   483 | D:1      | Reached XP level 2. HP: 17/22 MP: 0/3
   488 | D:1      | Learned a level 1 spell: Animate Skeleton
   794 | D:1      | Reached skill level 1 in Maces & Flails
   935 | D:1      | Reached XP level 3. HP: 15/28 MP: 0/5
  1131 | D:1      | Learned a level 3 spell: Vampiric Draining
  1417 | D:2      | Noticed Terence
  1515 | D:2      | Killed Terence
  2038 | D:2      | Reached XP level 4. HP: 27/36 MP: 0/6
  2353 | D:2      | Reached skill level 5 in Necromancy
  3128 | D:3      | Reached XP level 5. HP: 15/42 MP: 2/7
  3374 | D:4      | Found a blossoming altar of Fedhas.
  3389 | D:4      | Noticed an oklob plant
  3457 | D:4      | Noticed an ogre
  3510 | D:4      | Killed an ogre
  3905 | D:4      | Reached XP level 6. HP: 46/49 MP: 5/9
  3993 | D:4      | Found Klavak's Weapon Shoppe.
  4331 | D:5      | Entered Level 5 of the Dungeon
  4331 | D:5      | Noticed Duvessa
  4331 | D:5      | Noticed Dowan
  4336 | D:5      | Killed Dowan
  4356 | D:5      | Killed Duvessa
  4653 | D:5      | Reached skill level 5 in Stealth
  4853 | D:5      | Reached skill level 6 in Necromancy
  4861 | D:5      | Reached XP level 7. HP: 15/55 MP: 1/10
  5168 | D:4      | Bought a +2 vampiric war axe for 270 gold pieces
  5385 | D:5      | Reached skill level 1 in Axes
  5713 | D:5      | Found a glowing silver altar of Zin.
  5732 | D:5      | Found a staircase to the Ecumenical Temple.
  5738 | Temple   | Entered the Ecumenical Temple
  5884 | Temple   | Became a worshipper of Ru the Awakened
  6043 | D:6      | Reached skill level 5 in Dodging
  6133 | D:6      | Found Onasea's Armour Shop.
  6639 | D:6      | Found a white marble altar of Elyvilon.
  6703 | D:7      | Reached XP level 8. HP: 62/62 MP: 11/11
  6733 | D:7      | Reached skill level 7 in Necromancy
  6994 | D:7      | Noticed Menkaure
  7057 | D:8      | Found a shattered altar of Ashenzari.
  7149 | D:8      | Learned a level 2 spell: Blink
  7152 | D:8      | Learned a level 2 spell: Call Imp
  7550 | D:8      | Reached skill level 8 in Stealth
  7711 | D:8      | Gained mutation: You passively map the area around you. [level up]
  7711 | D:8      | Reached XP level 9. HP: 18/68 MP: 8/13
  8458 | D:9      | Reached skill level 5 in Axes
  8517 | D:9      | Starved to death

Action                   |  1- 3 |  4- 6 |  7- 9 || total
-------------------------+-------+-------+-------++-------
Melee: Mace              |    24 |       |       ||    24
       Whip              |    27 |       |       ||    27
       Flail             |    25 |    84 |     4 ||   113
       War axe           |       |       |   240 ||   240
Throw: Stone             |     2 |     1 |    13 ||    16
       Tomahawk          |       |       |     6 ||     6
 Cast: Pain              |    43 |    27 |    16 ||    86
       Animate Skeleton  |    13 |    14 |    24 ||    51
       Vampiric Draining |     7 |    18 |    40 ||    65
       Call Imp          |       |       |     1 ||     1
 Abil: Device Recharging |       |       |     2 ||     2
Evoke: Wand              |     1 |    16 |    11 ||    28
 Stab: Sleeping          |     1 |     1 |    11 ||    13
       Paralysed         |       |     5 |       ||     5
       Distracted        |       |       |     3 ||     3
  Eat: Chunk             |     4 |     8 |    10 ||    22
       Bread ration      |     1 |       |     2 ||     3
       Beef jerky        |       |     1 |       ||     1
       Pizza             |       |       |     2 ||     2
